 Dungeon Crawl Stone Soup version 0.19-a0-1049-g462a813 (webtiles) character file.

221 mrath the Digger (level 5, -1/28 HPs)
             Began as a Gargoyle Earth Elementalist on July 31, 2016.
             Slain by a centaur (5 damage)
             ... on level 3 of the Dungeon.
             The game lasted 00:25:50 (4811 turns).

mrath the Digger (Gargoyle Earth Elementalist)      Turns: 4811, Time: 00:25:50

Health: -1/28      AC:  8    Str: 11    XL:     5   Next: 98%
Magic:  3/11       EV: 12    Int: 17    God:
Gold:   156        SH:  0    Dex: 10    Spells: 2 memorised, 8 levels left

rFire  . . .     SeeInvis .     A - +3 mace
rCold  . . .     Gourm    .     c - +0 robe
rNeg   + . .     Faith    .     (no shield)
rPois  ∞         Spirit   .     f - +0 helmet
rElec  +         Dismiss  .     (no cloak)
rCorr  .         Reflect  .     n - +0 pair of gloves
SustAt .         Harm     .     (no boots)
MR     .....                    (no amulet)
Stlth  ++........               (no ring)
                                (no ring)

@: very slightly contaminated, slowed, very slow, not resistant to hostile
enchantments, unstealthy
A: negative energy resistance 1, electricity resistance, unbreathing,
petrification resistance, rot immunity, AC +4
a: no special abilities


You were on level 3 of the Dungeon.
You were very hungry.

You visited 1 branch of the dungeon, and saw 3 of its levels.

You collected 156 gold pieces.

Inventory:

Hand Weapons
 y - a +0 hunting sling of flaming
 A - a +3 mace (weapon)
Missiles
 b - 39 stones (quivered)
 v - 74 sling bullets
 B - 4 tomahawks
Armour
 c - a +0 robe (worn)
 f - a +0 helmet (worn)
 n - a +0 pair of gloves (worn)
Magical Staves
 w - an uncursed staff of power {unknown}
Scrolls
 g - a scroll of immolation {unknown}
 h - 2 scrolls of identify {unknown}
 j - 2 scrolls of teleportation {unknown}
 r - 2 scrolls of fear {unknown}
 u - 2 scrolls of magic mapping {unknown}
Potions
 a - a potion of invisibility {unknown}
 i - a potion of resistance {unknown}
 k - a potion of haste {unknown}
 m - a potion of might {unknown}
 o - a potion of ambrosia {unknown}
 p - a potion of cancellation {unknown}
 s - a potion of brilliance {unknown}
 t - a potion of curing {unknown}
 z - a potion of berserk rage {unknown}
Books
 e - a book of Geomancy

   Spells                             Type                      Level
   a - Sandblast                      Earth                        1
   b - Passwall                       Transmutation/Earth          2
   c - Stone Arrow                    Conjuration/Earth            3
   d - Petrify                        Transmutation/Earth          4
   e - Lee's Rapid Deconstruction     Earth                        5
Comestibles
 d - 2 bread rations
 l - 2 beef jerkies
 q - 2 slices of pizza
 x - 2 meat rations


   Skills:
 - Level 1.5 Dodging
 - Level 2.1 Stealth
 * Level 4.3 Spellcasting
 + Level 2.1 Conjurations
   Level 0.7 Transmutations
 + Level 5.0 Earth Magic


You had 8 spell levels left.
You knew the following spells:

 Your Spells              Type           Power        Failure   Level  Hunger
a - Sandblast             Erth           ###...       1%          1    None
b - Stone Arrow           Conj/Erth      ###...       12%         3    ###....


Dungeon Overview and Level Annotations

Branches:
Dungeon (3/15)

Altars:
Ashenzari
Cheibriados
Kikubaaqudgha
Nemelex Xobeh
Trog

Annotations:
D:3 tsouns's ghost, amateur DrIE


Innate Abilities, Weirdness & Mutations

You are resistant to torment.
Your stone body is resilient. (AC +4)
You are immune to poison.
You resist negative energy. (rN+)
You are resistant to electric shocks. (rElec)
You can survive without breathing.
You are immune to petrification.
You are immune to rotting.


Message History

Aiming: Sandblast
Press: ? - help, Shift-Dir - straight line, f/p - centaur
Aim: a centaur (heavily wounded)
The blast of sand hits the centaur.
The centaur is severely wounded.
The centaur misses you. The centaur hits you!
* * * LOW HITPOINT WARNING * * *
Casting: Sandblast
Confirm with . or Enter, or press ? or * to list all spells.
Aiming: Sandblast
Press: ? - help, Shift-Dir - straight line, f/p - centaur
Aim: a centaur (severely wounded)
The blast of sand hits the centaur.
The centaur is almost dead.
The centaur hits you.
* * * LOW HITPOINT WARNING * * *
The orc wizard hits you but does no damage.
The orc wizard casts a spell at you.
You feel yourself slow down. The centaur hits you.
You die...

#.# ###..#...#..####
#.# #....#...#....#
#.#
##.####...##.#.####
#.#
###..#⌠.##+##.⌠#.....
#.#
#....#.........#.....
#.#
#.#####.......#####..
#.#
#(.(..#.......#...#..
#.#
#((o..+..._...'...#..
#.#
#..#c@.........#...#..
#.#
#..#####.......#####..
#.#


o'... #.....)...#..... #.# .c#### #⌠.##)##.⌠#..### #.##... .####...#.#..####
#.###' #.....#...#.....>.. #.# #. ..#..#...#........
#.##########.##.#####.+...... #.......)....##.......#...... You could see a
centaur and an orc wizard.

Vanquished Creatures
  Ijyb (D:2)
  A howler monkey zombie (D:2)
  Robin (D:2)
  6 adders
  4 worms
  A dart slug (D:1)
  3 giant geckos
  9 orcs (D:3)
  A bat skeleton (D:2)
  3 giant cockroaches
  18 goblins
  17 hobgoblins
  A jackal (D:2)
  A ball python (D:2)
  A ball python skeleton (D:2)
  3 bats
  A giant gecko zombie (D:2)
  7 giant newts
  A jackal skeleton (D:2)
  8 kobolds
  7 rats
95 creatures vanquished.

Notes
Turn   | Place    | Note
-------+----------+-------------------------------------------
     0 | D:1      | mrath the Gargoyle Earth Elementalist began the quest for the Orb.
     0 | D:1      | Reached XP level 1. HP: 10/10 MP: 3/3
   247 | D:1      | Reached XP level 2. HP: 15/15 MP: 3/5
   422 | D:1      | Reached skill level 4 in Earth Magic
  1127 | D:1      | Reached XP level 3. HP: 19/19 MP: 5/7
  1548 | D:2      | Noticed Ijyb
  1556 | D:1      | Learned a level 3 spell: Stone Arrow
  1669 | D:2      | Noticed Robin
  1759 | D:2      | Found an ancient bone altar of Kikubaaqudgha.
  1817 | D:2      | Killed Robin
  1817 | D:2      | Reached XP level 4. HP: 22/24 MP: 1/8
  2557 | D:2      | Killed Ijyb
  2557 | D:2      | Reached XP level 5. HP: 27/28 MP: 3/11
  2875 | D:3      | Reached skill level 1 in Conjurations
  3025 | D:3      | Reached skill level 5 in Earth Magic
  3226 | D:3      | Found a shattered altar of Ashenzari.
  3226 | D:3      | Noticed tsouns's ghost (amateur DrIE)
  4257 | D:3      | Found a sparkling altar of Nemelex Xobeh.
  4257 | D:3      | Found a shattered altar of Ashenzari.
  4258 | D:3      | Found a snail-covered altar of Cheibriados.
  4431 | D:3      | Found a bloodstained altar of Trog.
  4796 | D:3      | Noticed a centaur
  4811 | D:3      | Slain by a centaur

Vault maps used:
D:1:      erik_arrival_cave_to_civilisation
D:2:      minmay_wonky_spiral, nicolae_overflow_hidden_temple, serial_undead,
          serial_undead_e, serial_undead_f, serial_undead_b, serial_undead_e,
          uniq_robin, uniq_iyjb
D:3:      gammafunk_temple_overflow_forgotten, lemuel_crystal_altar,
          first_bread, evilmike_ruin_ashenzari

Skill      XL: |  1  2  3  4  5 |
---------------+----------------+-----
Earth Magic    | 4 5 |  5.0
Spellcasting   | 3 4 |  4.3
Conjurations   | 2 |  2.1
Dodging        | |  1.5
Stealth        | |  2.1
Transmutations | |  0.7

Action                   |  1- 3 |  4- 6 || total
-------------------------+-------+-------++-------
Melee: Whip              |    17 |    40 ||    57
       Mace              |       |    24 ||    24
 Cast: Sandblast         |    78 |    94 ||   172
  Eat: Chunk             |     3 |     8 ||    11
Armor: Robe              |    21 |    45 ||    66
Dodge: Dodged            |    40 |    82 ||   122
